 Dungeon Sprint DCSS version 0.19-a0-879-gdac7d08 (webtiles) character file.

228 Musica the Arsonist (level 5, -8/28 HPs)
             Began as a Deep Elf Fire Elementalist on July 4, 2016.
             Was a High Priest of Sif Muna.
             Mangled by an air elemental (10 damage)
             ... in the Dungeon (Sprint V: "Ziggurat Sprint").
             The game lasted 00:03:40 (325 turns).

Musica the Arsonist (Deep Elf Fire Elementalist)     Turns: 325, Time: 00:03:43

Health: -8/28      AC:  2    Str:  5    XL:     5   Next: 70%
Magic:  7/18       EV: 13    Int: 33    God:    Sif Muna [*****.]
Gold:   0          SH:  0    Dex: 15    Spells: 3 memorised, 11 levels left

rFire  . . .     SeeInvis .     L - +5 quick blade
rCold  . . .     Gourm    .     a - +0 robe
rNeg   . . .     Faith    .     (no shield)
rPois  .         Spirit   .     (no helmet)
rElec  .         Dismiss  .     (no cloak)
rCorr  .         Reflect  .     (no gloves)
SustAt .         Harm     .     (no boots)
MR     .....     NoTele   +     (no amulet)
Stlth  ++........               B - +6 ring of intelligence
                                A - +6 ring of intelligence

@: not resistant to hostile enchantments, unstealthy
A: no striking features
a: Channel Energy, Forget Spell, Renounce Religion


You were in the Dungeon.
You worshipped Sif Muna.
Sif Muna was extremely pleased with you.
You were not hungry.

You visited 1 branch

Inventory:

Hand Weapons
 L - a +5 quick blade (weapon)
Armour
 a - a +0 robe (worn)
Magical Staves
 E - an uncursed staff of energy
Jewellery
 y - a +6 ring of dexterity
 z - a +6 ring of dexterity
 A - a +6 ring of intelligence (left hand)
 B - a +6 ring of intelligence (right hand)
 C - a +6 ring of strength
 D - a +6 ring of strength
Wands
 G - a wand of disintegration (7/24)
 H - a wand of iceblast (2/15)
 I - a wand of lightning (5/15)
 J - a wand of acid (4/15)
Scrolls
 i - 3 scrolls of blinking
 p - 4 scrolls of amnesia
 q - 3 scrolls of recharging
 r - 7 scrolls of fog
 s - a scroll of holy word
 t - 5 scrolls of identify
 u - 5 scrolls of remove curse
 v - 2 scrolls of fear
Potions
 d - 10 potions of curing
 e - 10 potions of heal wounds
 f - 6 potions of haste
 g - 7 potions of magic
 h - 3 potions of berserk rage
 j - 2 potions of brilliance
 k - 2 potions of invisibility
 l - 4 potions of resistance
 n - 5 potions of agility
 o - 5 potions of might
Books
 b - a book of Flames

   Spells                             Type                      Level
   a - Flame Tongue                   Conjuration/Fire             1
   b - Throw Flame                    Conjuration/Fire             2
   c - Conjure Flame                  Conjuration/Fire             3
   d - Inner Flame                    Hexes/Fire                   3
   e - Sticky Flame                   Conjuration/Fire             4
   f - Fireball                       Conjuration/Fire             5
Miscellaneous
 F - a crystal ball of energy
 K - a disc of storms
Comestibles
 c - 5 bread rations
 w - 42 fruits
 x - 4 meat rations


   Skills:
 - Level 2.4 Dodging
 - Level 2.4 Stealth
 + Level 8.6 Spellcasting
 * Level 7.2 Conjurations
 + Level 10.1 Fire Magic


You had 11 spell levels left.
You knew the following spells:

 Your Spells              Type           Power        Failure   Level  Hunger
a - Flame Tongue          Conj/Fire      #####        1%          1    None
b - Fireball              Conj/Fire      ######....   2%          5    ###....
c - Sticky Flame          Conj/Fire      ######..     1%          4    None


Dungeon Overview and Level Annotations

Branches:
Dungeon (1/1)

Altars:
Ashenzari
Cheibriados
Dithmenos
Elyvilon
Fedhas
Gozag
Hepliaklqana
Kikubaaqudgha
Makhleb
Nemelex Xobeh
Okawaru
Pakellas
Qazlal
Ru
Sif Muna
Trog
Uskayaw
Vehumet
Xom
Yredelemnul
Zin
The Shining One
Beogh
Jiyva
Lugonu


Message History

Aim: an air elemental (almost destroyed)
The flame tongue misses the air elemental.
The deep elf archer repels the flame tongue!
The air elemental hits you. x2
The air elemental hits you but does no damage.
Unknown command.
Okay, then.
Casting: Flame Tongue
Confirm with . or Enter, or press ? or * to list all spells.
Aiming: Fireball
Press: ? - help, Shift-Dir - straight line, f - deep elf archer, p - air elemental
Aim: a deep elf archer, wielding a short sword and wearing a leather armour (moderately wounded, repelling missiles)
You miscast Fireball.
Sif Muna protects you from the effects of your miscast!
The air elemental barely misses you. The short sword of flaming hits you.
* * * LOW HITPOINT WARNING * * *
The short sword of flaming burns you.
* * * LOW HITPOINT WARNING * * *
The deep elf archer blinks!
The air elemental hits you!
You die...

▓▓▓▓▓▓▓▓▓▓▓▓▓▓▓▓▓▓▓
▓.8©8.▓.8©8.▓.8©8.▓
▓.)=}.▓.).|.▓.....▓
▓e.|..▓.....▓.).}.▓
▓...E.▓.....▓.....▓
▓...§.▓.....▓..dd.▓
▓.(E..▓.....▓.....▓
▓..@..▓.....▓▓▓▓▓▓▓
▓▓▓▓▓▓▓▓▓▓▓▓▓


You could see a deep elf archer, an earth elemental, an air elemental and a
short sword of flaming.

Vanquished Creatures
  A giant eyeball (D)
  An eye of draining (D)
  A jelly (D)
3 creatures vanquished.

Vanquished Creatures (others)
  2 spatial maelstroms (D)
2 creatures vanquished.

Grand Total: 5 creatures vanquished

Notes
Turn   | Place    | Note
-------+----------+-------------------------------------------
     0 | D        | Musica the Deep Elf Fire Elementalist began the quest for the Orb.
     0 | D        | Reached XP level 1. HP: 10/10 MP: 6/6
     0 | D        | Found a blossoming altar of Fedhas.
     0 | D        | Found a snail-covered altar of Cheibriados.
     0 | D        | Found a viscous altar of Jiyva.
     0 | D        | Found a roughly hewn altar of Beogh.
     0 | D        | Found a corrupted altar of Lugonu.
     1 | D        | Found a white marble altar of Elyvilon.
     1 | D        | Found a shimmering altar of Xom.
     1 | D        | Banished a spatial maelstrom
     1 | D        | Banished a spatial maelstrom
     3 | D        | Found a deep blue altar of Sif Muna.
     3 | D        | Found a burning altar of Makhleb.
     3 | D        | Found a bloodstained altar of Trog.
     3 | D        | Found an iron altar of Okawaru.
     3 | D        | Found a sparkling altar of Nemelex Xobeh.
     3 | D        | Found a radiant altar of Vehumet.
    54 | D        | Became a worshipper of Sif Muna the Loreminder
    58 | D        | Reached * piety under Sif Muna
    58 | D        | Reached ** piety under Sif Muna
    58 | D        | Reached skill level 5 in Fire Magic
    58 | D        | Reached XP level 2. HP: 15/15 MP: 7/11
   193 | D        | Entered arena 1.
   193 | D        | Noticed a draconian
   193 | D        | Noticed a draconian
   196 | D        | Entered arena 2.
   196 | D        | Noticed an eye of draining
   196 | D        | Noticed a giant eyeball
   198 | D        | Reached skill level 5 in Conjurations
   198 | D        | Reached skill level 6 in Fire Magic
   198 | D        | Reached XP level 3. HP: 19/19 MP: 13/13
   198 | D        | Killed a giant eyeball
   198 | D        | Reached *** piety under Sif Muna
   198 | D        | Reached **** piety under Sif Muna
   198 | D        | Reached skill level 9 in Fire Magic
   198 | D        | Reached XP level 4. HP: 24/24 MP: 14/16
   198 | D        | Reached XP level 5. HP: 28/28 MP: 14/17
   211 | D        | Killed an eye of draining
   211 | D        | Reached ***** piety under Sif Muna
   211 | D        | Reached skill level 10 in Fire Magic
   248 | D        | Learned a level 5 spell: Fireball
   253 | D        | Learned a level 4 spell: Sticky Flame
   322 | D        | Entered arena 3.
   322 | D        | Noticed a short sword of flaming
   322 | D        | Noticed a deep elf archer
   322 | D        | Noticed an air elemental
   325 | D        | Mangled by an air elemental

Vault maps used:
D:        sprint_v

Skill      XL: |  1  2  3  4  5 |
---------------+----------------+-----
Spellcasting   | 6 8 |  8.6
Conjurations   | 4 5 6 7 |  7.2
Fire Magic     | 5 6 9 10 | 10.1
Dodging        | |  2.4
Stealth        | |  2.4

Action                   |  1- 3 |  4- 6 || total
-------------------------+-------+-------++-------
Melee: Quick blade       |       |    10 ||    10
 Cast: Fireball          |       |     1 ||     1
       Flame Tongue      |       |     1 ||     1
Evoke: Wand              |     3 |     1 ||     4
  Use: Potion            |     1 |       ||     1
       Scroll            |     1 |       ||     1
Armor: Robe              |       |     1 ||     1
Dodge: Dodged            |       |     1 ||     1
